 Dungeon Crawl Stone Soup version 0.27-a0-1188-g73eefd5def (webtiles) character file.

Game seed: 2874637079797536916

721 Delamore the Cudgeller (level 7, 0/44 HPs)
             Began as a Gargoyle Fighter on May 21, 2021.
             Slain by a water moccasin (6 damage)
             ... on level 6 of the Dungeon.
             The game lasted 00:04:57 (5267 turns).

Delamore the Cudgeller (Gargoyle Fighter)           Turns: 5267, Time: 00:04:57

Health: 0/44       AC: 12    Str: 21    XL:     7   Next: 70%
Magic:  7/7        EV:  7    Int:  9    God:
Gold:   1045       SH:  9    Dex:  9    Spells: 6/6 levels left

rFire    . . .     SeeInvis .   a - +0 flail
rCold    . . .     Faith    .   c - +0 kite shield
rNeg     + . .     Spirit   .   b - +0 scale mail
rPois    ∞         Reflect  .   (no helmet)
rElec    +         Harm     .   (no cloak)
rCorr    .         Rampage  .   (no gloves)
Will     .....                  v - +0 pair of boots
Stlth    ..........             m - amulet of the acrobat
HPRegen  0.14/turn              (no ring)
MPRegen  0.10/turn              (no ring)

@: flying, very slightly contaminated, invisible
A: sickness immunity, AC +4, negative energy resistance 1, electricity
resistance, torment resistance 1, petrification resistance
a: no special abilities


You were on level 6 of the Dungeon.
You visited 1 branch of the dungeon, and saw 7 of its levels.

You collected 1045 gold pieces.

Inventory:

Hand Weapons
 a - a +0 flail (weapon)
Missiles
 r - 10 boomerangs (quivered)
 u - 7 atropa-tipped darts
Armour
 b - a +0 scale mail (worn)
 c - a +0 kite shield (worn)
 v - a +0 pair of boots (worn)
Jewellery
 m - an amulet of the acrobat (around neck)
Wands
 k - a wand of polymorph (3)
 x - a wand of iceblast (7)
Scrolls
 f - a scroll of magic mapping
 h - a scroll of torment
 l - 2 scrolls of amnesia {unknown}
 o - a scroll of fog {unknown}
 p - a scroll of teleportation {unknown}
 q - a scroll of enchant armour {unknown}
 w - a scroll of brand weapon {unknown}
Potions
 d - 2 potions of might
 e - a potion of flight
 g - a potion of cancellation {unknown}
 i - 2 potions of lignification
 j - a potion of invisibility
 n - a potion of heal wounds {unknown}
 s - a potion of brilliance {unknown}
 t - a potion of haste {unknown}


   Skills:
 - Level 5.0 Fighting
 + Level 6.2 Maces & Flails
 + Level 2.3 Throwing
 - Level 3.2 Armour
 - Level 5.0 Shields


You had 6 spell levels left.
You didn't know any spells.
Your spell library contained the following spells:

 Spells                   Type           Power      Damage    Failure   Level
 Corona                   Hex            0%         N/A       99%         1
 Magic Dart               Conj           0%         1d3       99%         1
 Blink                    Tloc           N/A        N/A       99%         2
 Call Imp                 Summ           0%         N/A       99%         2
 Ensorcelled Hibernation  Hex/Ice        0%         N/A       99%         2
 Slow                     Hex            0%         N/A       99%         2
 Confusing Touch          Hex            0%         N/A       100%        3
 Conjure Flame            Conj/Fire      0%         6-21      100%        3
 Dazzling Flash           Conj/Hex       0%         N/A       100%        3
 Mephitic Cloud           Conj/Pois/Air  0%         N/A       100%        3
 Tukima's Dance           Hex            0%         N/A       100%        3


Dungeon Overview and Level Annotations

Branches:
Dungeon (7/15)
 Temple: D:4-7

Altars:
Gozag
Trog


Innate Abilities, Weirdness & Mutations

You are immune to sickness and miasma.
Your stone body is resilient. (AC +4)
You are immune to poison.
You resist negative energy. (rN+)
You are resistant to electric shocks. (rElec)
You are resistant to unholy torment.
You are immune to petrification.


Message History

The water moccasin is moderately wounded.
You block the water moccasin's attack.
The water moccasin bites you but does no damage.
You closely miss the water moccasin.
The water moccasin is moderately wounded.
The water moccasin bites you.
The water moccasin bites you but does no damage.
You barely miss the water moccasin.
The water moccasin is moderately wounded.
You block the water moccasin's attack.
The water moccasin bites you but does no damage.
You barely miss the water moccasin.
The water moccasin is moderately wounded.
The water moccasin bites you.
* * * LOW HITPOINT WARNING * * *
The water moccasin bites you.
* * * LOW HITPOINT WARNING * * *
It was a potion of flight.
You feel very buoyant.
You fly up into the air.
The water moccasin bites you but does no damage.
Okay, then.
You fade into invisibility!
You block the water moccasin's attack. The water moccasin barely misses you.
You are very lightly contaminated with residual magic.
You block the water moccasin's attack.
Okay, then.
You strike the helpless water moccasin from behind!
You sock the water moccasin!
The water moccasin is severely wounded.
You block the water moccasin's attack.
You closely miss the water moccasin.
The water moccasin is severely wounded.
The water moccasin bites you but does no damage.
You block the water moccasin's attack.
You barely miss the water moccasin.
The water moccasin is severely wounded.
The water moccasin bites you but does no damage.
The water moccasin bites you.
You die...

#########
#...>.S[#
#.#####@#
#.# ...
##...
#....
..#...
####...
....


You could see a water moccasin.

Vanquished Creatures
  Menkaure (D:4)
  A necrophage (D:5)
  Blork the orc (D:4)
  2 bullfrogs (D:6)
  A scorpion (D:4)
  A centaur zombie (D:5)
  A centaur skeleton (D:4)
  A gnoll shaman (D:3)
  An iguana (D:5)
  Natasha (twice) (D:2)
  4 gnolls
  An ufetubus (D:4)
  A worm (D:3)
  4 dart slugs
  An orc (D:3)
  5 ball pythons
  6 bats
  2 endoplasms
  A giant cockroach (D:3)
  3 hobgoblins
  9 jackals
  3 quokkas (D:1)
  8 frilled lizards
  3 goblins
  A kobold (D:4)
  2 rats
66 creatures vanquished.

Vanquished Creatures (others)
  A water moccasin skeleton (D:5)
  2 adders (D:5)
3 creatures vanquished.

Grand Total: 69 creatures vanquished

Notes
Turn   | Place    | Note
-------+----------+-------------------------------------------
     0 | D:1      | Delamore the Gargoyle Fighter began the quest for the Orb.
     0 | D:1      | Reached XP level 1. HP: 14/14 MP: 1/1
   258 | D:1      | Reached XP level 2. HP: 3/19 MP: 2/2
   759 | D:1      | Reached XP level 3. HP: 23/24 MP: 3/3
   948 | D:1      | Found a faded altar of an unknown god.
  1900 | D:2      | Noticed Natasha
  1910 | D:2      | Killed Natasha
  1911 | D:2      | Reached XP level 4. HP: 19/29 MP: 4/4
  2061 | D:2      | Noticed Terence
  2075 | D:2      | Noticed Terence
  2075 | D:2      | Terence changed into Terence the bat
  2076 | D:2      | Noticed Natasha
  2086 | D:2      | Killed Terence the bat
  2383 | D:2      | Killed Natasha
  2384 | D:2      | Reached skill level 3 in Maces & Flails
  2819 | D:3      | Identified a scroll of acquirement
  2820 | D:3      | Acquired 732 gold pieces
  3019 | D:3      | Reached XP level 5. HP: 34/34 MP: 5/5
  3270 | D:4      | Noticed Blork the orc
  3283 | D:4      | Killed Blork the orc
  3284 | D:4      | Reached skill level 5 in Fighting
  3284 | D:4      | Reached XP level 6. HP: 18/40 MP: 6/6
  3609 | D:4      | Found an opulent altar of Gozag.
  3617 | D:4      | Noticed Menkaure
  3634 | D:4      | Killed Menkaure
  3635 | D:4      | Reached skill level 4 in Maces & Flails
  3635 | D:4      | Reached skill level 5 in Shields
  3924 | D:3      | Reached skill level 5 in Maces & Flails
  4040 | D:4      | Reached XP level 7. HP: 41/44 MP: 7/7
  4124 | D:4      | Found a bloodstained altar of Trog.
  4520 | D:5      | Entered Level 5 of the Dungeon
  4843 | D:5      | HP: 1/44 [ogre/+0 giant club (17)]
  5175 | D:5      | Reached skill level 1 in Throwing
  5228 | D:5      | You fall into a shaft and drop 2 floors!
  5251 | D:6      | Reached skill level 6 in Maces & Flails
  5267 | D:6      | Slain by a water moccasin

Illustrated notes

Levels and vault maps discovered:
D:1:      lemuel_arrival_lava_pool, layout_basic,
          ebering_ecumenical_altar_sacrificial, minmay_pentomino_t2
D:2:      layout_basic, uniq_natasha, uniq_terence
D:3:      layout_loops_ring, minmay_box_of_dots
D:4:      layout_cave_pools, general_overflow_altar, kennysheep_mini_moat,
          minivault_5, minmay_liquid_box, uniq_blork_the_orc, uniq_menkaure
D:5:      layout_cave_pods, lemuel_flamethrower_2
D:6:      layout_loops_cross, lemuel_tele_altar, minmay_temple_entry_wispy,
          kennysheep_generic_room_11, uniq_crazy_yiuf_cottage, uniq_eustachio,
          uniq_grinder
D:7:      layout_basic, gammafunk_temple_overflow_elements,
          kennysheep_little_box, guppyfry_early_elven_hall

Skill      XL: |  1  2  3  4  5  6  7 |
---------------+----------------------+-----
Fighting       | 4 5 |  5.0
Shields        | 4 5 |  5.0
Maces & Flails | 3 5 6 |  6.2
Throwing       | 2 |  2.3
Armour         | |  3.2

Action                   |  1- 3 |  4- 6 |  7- 9 || total
-------------------------+-------+-------+-------++-------
Melee: Flail             |   147 |   123 |    62 ||   332
Evoke: Wand              |       |     3 |       ||     3
  Use: Scroll            |     2 |     4 |       ||     6
       Potion            |       |       |     5 ||     5
 Stab: Invisible         |       |       |     1 ||     1
Armor: Scale mail        |   116 |    64 |    33 ||   213
Dodge: Dodged            |    56 |    38 |    25 ||   119
Block: Kite shield       |   107 |    77 |    47 ||   231

Table legend: (Time is in decaauts)
 A = Elapsed time spent in this place.
 B = Non-inter-level travel time spent in this place.
 C = Inter-level travel time spent in this place.
 D = Time resting spent in this place.
 E = Time spent auto-exploring this place.
 F = Levels seen in this place.
 G = Mean time per level.
                   A        B        C        D        E       F      G
               +--------+--------+--------+--------+--------+-----+--------+
         Total |   5440 |   5227 |    213 |   1487 |   2885 |   7 |  777.1 |
       Dungeon |   5440 |   5227 |    213 |   1487 |   2885 |   7 |  777.1 |
               +--------+--------+--------+--------+--------+-----+--------+

Top non-repeatable levels by time:
     D:1: 1623 daAuts
     D:4: 1527 daAuts
     D:2: 918 daAuts
     D:3: 872 daAuts
     D:5: 453 daAuts
     D:6: 29 daAuts
     D:7: 15 daAuts
